 Dungeon Crawl Stone Soup version 0.29-a0-824-gd827844252 (webtiles) character file.

Game seed: 15817982913793657189

3499 Amaryllis the Basher (level 10, -2/73 HPs)
             Began as a Human Cinder Acolyte on Dec 15, 2021.
             Was an Elder of Ignis.
             Killed by an exploding Gastronok (4 damage)
             ... ignited by their inner flame
             ... on level 8 of the Dungeon on July 11, 2022.
             The game lasted 00:31:04 (9510 turns).

Amaryllis the Basher (Human Cinder Acolyte)         Turns: 9510, Time: 00:31:04

Health: -2/73      AC: 15    Str: 17    XL:     10   Next: 28%
Magic:  11/11      EV: 11    Int: 14    God:    Ignis [****..]
Gold:   411        SH:  0    Dex: 11    Spells: 11/11 levels left

rFire   + + +      SeeInvis .   y - +7 great mace "Firestarter" {inner flame, rF++}
rCold   . . .      Faith    .   (shield currently unavailable)
rNeg    . . .      Spirit   .   s - +0 ring mail
rPois   .          Reflect  .   (no helmet)
rElec   .          Harm     .   p - +0 cloak
rCorr   .          Rampage  .   d - +0 pair of gloves
Will    .....                   (no boots)
Stlth   +.........              (no amulet)
HPRegen 0.22/turn               (no ring)
MPRegen 0.12/turn               (no ring)

@: fiery-armoured
A: no striking features
a: Renounce Religion, Fiery Armour, Foxfire Swarm, Rising Flame


You were on level 8 of the Dungeon.
You worshipped Ignis.
Ignis was greatly pleased with you.
You visited 1 branch of the dungeon, and saw 8 of its levels.

You collected 411 gold pieces.

Inventory:

Hand Weapons
 a - a -1 falchion of flaming
 c - a +2 dagger of venom
 y - the +7 great mace "Firestarter" (weapon) {inner flame, rF++}
   (You found it on level 3 of the Dungeon)

   It burns those it strikes, dealing additional fire damage.
   It fills those it strikes with an explosive inner flame.
   It grants immunity to clouds of flame.
   rF:        It greatly protects you from fire.
Missiles
 f - 71 stones (quivered)
Armour
 b - a +0 robe
 d - a +0 pair of gloves (worn)
 p - a +0 cloak (worn)
 s - a +0 ring mail (worn)
 E - a +0 leather armour of fire resistance
 H - a +0 scale mail
 K - a scarf of harm
 O - +0 steam dragon scales
Jewellery
 i - a +6 ring of strength
 m - a +6 ring of dexterity
 z - a ring of magical power
 L - an amulet of regeneration
Wands
 C - a wand of charming (4)
 I - a wand of flame (20)
 M - a wand of iceblast (7)
Scrolls
 e - 8 scrolls of identify {unknown}
 k - a scroll of fog {unknown}
 l - 7 scrolls of teleportation {unknown}
 n - a scroll of poison {unknown}
 q - 2 scrolls of vulnerability {unknown}
 t - a scroll of acquirement {unknown}
 u - 2 scrolls of immolation {unknown}
 w - a scroll of enchant weapon {unknown}
 G - 2 scrolls of brand weapon {unknown}
Potions
 g - a potion of invisibility {unknown}
 h - 3 potions of attraction {unknown}
 j - 4 potions of flight {unknown}
 o - a potion of mutation {unknown}
 r - 2 potions of curing {unknown}
 v - a potion of might {unknown}
 x - 2 potions of brilliance {unknown}
 A - 3 potions of ambrosia {unknown}
 B - 3 potions of cancellation {unknown}
 F - 4 potions of degeneration {unknown}
 J - a potion of lignification {unknown}
 N - a potion of heal wounds {unknown}
Miscellaneous
 D - a piece from Xom's chessboard (15/15)


   Skills:
 + Level 4.9 Fighting
 - Level 5.6 Long Blades
 + Level 10.7 Maces & Flails
 + Level 3.6 Armour
 + Level 3.6 Dodging
 - Level 1.5 Unarmed Combat
 - Level 1.0 Spellcasting
 + Level 4.2 Fire Magic


You had 11 spell levels left.
You didn't know any spells.
Your spell library contained the following spells:

 Spells                   Type           Power      Damage    Failure   Level
 Scorch                   Fire           24%        2d6       13%         2
 Magic Dart               Conj           0%         1d3       43%         1
 Slow                     Hex            0%         N/A       43%         1
 Call Imp                 Summ           0%         N/A       56%         2
 Sublimation of Blood     Necr           0%         N/A       56%         2
 Wereblood                Tmut           0%         N/A       56%         2
 Confusing Touch          Hex            0%         N/A       80%         3
 Mephitic Cloud           Conj/Pois/Air  0%         N/A       80%         3
 Vampiric Draining        Necr           0%         2d6       80%         3
 Summon Ice Beast         Ice/Summ       0%         N/A       99%         4
 Blade Hands              Tmut           0%         N/A       100%        5
 Irradiate                Conj/Tmut      0%         3d13      100%        5
 Summon Mana Viper        Hex/Summ       0%         N/A       100%        5
 Dragon Form              Tmut           0%         N/A       100%        7
 Monstrous Menagerie      Summ           0%         N/A       100%        7
 Summon Hydra             Summ           0%         N/A       100%        7


Dungeon Overview and Level Annotations

Branches:
Dungeon (8/15)             Temple (0/1) D:6
   Lair: D:8-11

Altars:
Cheibriados
Dithmenos
Elyvilon
Fedhas
Gozag
Makhleb
Xom

Shops:
D:2 (   D:7 (

Annotations:
D:6 2 transporters


Message History

Things that are here:
a +0 dagger; a +0 robe; 16 gold pieces
Things that are here:
a +0 club; a +0 chain mail; 17 gold pieces
Things that are here:
a +0 mace; a +0 leather armour You start resting.
An orc comes into view. It is wielding a +0 dagger.
The orc closely misses you.
You closely miss the orc. The orc closely misses you.
The orc hits you but does no damage.
You sock the orc! You burn the orc.
You kill the orc!
You start resting.
Gastronok the Ponderous comes into view.
He is wearing a +1 hat of stealth.
Gastronok gurgles horribly!
You bludgeon Gastronok!! You burn Gastronok!
Gastronok is filled with an inner flame.
Gastronok is moderately wounded.
You bludgeon Gastronok!!
Flame seeps out of Gastronok.
You burn Gastronok.
Flame seeps out of Gastronok.
Gastronok is moderately wounded.
Gastronok is engulfed in blazing flames.
Flame seeps out of Gastronok.
Gastronok bites you!!
A protective cloak of flame settles atop you.
Gastronok is engulfed in blazing flames.
Flame seeps out of Gastronok.
Gastronok bites you!!
* * * LOW HITPOINT WARNING * * *
Gastronok is burned by your cloak of flames.
Flame seeps out of Gastronok.
Gastronok is severely wounded.
You bludgeon Gastronok!!
Flame seeps out of Gastronok.
You burn Gastronok.
Flame seeps out of Gastronok.
Gastronok is almost dead.
You completely miss Gastronok.
Gastronok is almost dead.
You bludgeon Gastronok!! You burn Gastronok.
Gastronok explodes!
The fiery explosion engulfs you. You resist.
You die...

..# #.# #.## #
#.###.### ## .#
..o.....## #.# ..#
#.###....####.#
#..#
#§§§))...†###..
#.#§§...†##†#.# ..
#@§.##)###.# ##
#.#.##)# #....#
#.#.##.# #.......#
#.#.##.# #.####...
#.#.##)# #.# ..
#...##.# #.#
############># #.#
#......<.....# #.#
.......###########


There were no monsters in sight!

Vanquished Creatures
  Gastronok (D:8)
  Prince Ribbit (D:8)
  Eustachio (D:5)
  2 steam dragons
  Menkaure (D:5)
  Duvessa (D:6)
  A black bear (D:7)
  An ice beast (D:7)
  4 ogres
  4 phantoms
  4 bullfrogs
  2 necrophages
  5 scorpions
  5 wights (D:7)
  Dowan (D:6)
  4 howler monkeys
  A gnoll bouda (D:6)
  A jelly (D:7)
  5 hounds
  An orc priest (D:4)
  2 iguanas
  An iron imp (D:6)
  5 orc wizards
  5 gnolls (D:6)
  11 adders
  2 shadow imps
  2 white imps
  2 dart slugs
  26 orcs
  9 endoplasms
  A giant cockroach (D:2)
  5 goblins
  6 hobgoblins
  10 jackals
  4 kobolds
  3 quokkas
  10 ball pythons
  6 bats
  4 frilled lizards
  8 rats
168 creatures vanquished.

Vanquished Creatures (others)
  9 fungi (D:5)
9 creatures vanquished.

Grand Total: 177 creatures vanquished

Notes
Turn   | Place    | Note
-------+----------+-------------------------------------------
     0 | D:1      | Amaryllis the Human Cinder Acolyte began the quest for the
                  | Orb.
     0 | D:1      | Reached XP level 1. HP: 18/18 MP: 2/2
     0 | D:1      | Upgraded the game from 0.28-a0-1159-g27aa881441 to
                  | 0.28-a0-1190-g77e1c55843
    12 | D:1      | Upgraded the game from 0.28-a0-1190-g77e1c55843 to
                  | 0.29-a0-824-gd827844252
   393 | D:1      | Reached XP level 2. HP: 11/24 MP: 3/3
   958 | D:1      | Reached XP level 3. HP: 15/29 MP: 4/4
  1975 | D:2      | Reached XP level 4. HP: 18/35 MP: 5/5
  2634 | D:2      | Found Anocveco's Antique Weapon Boutique.
  2696 | D:2      | Reached skill level 5 in Long Blades
  3250 | D:3      | Reached XP level 5. HP: 32/41 MP: 6/6
  3679 | D:3      | Found a burning altar of Makhleb.
  3779 | D:3      | Found the +7 great mace "Firestarter" {inner flame, rF++}
  3835 | D:3      | Found a blossoming altar of Fedhas.
  3976 | D:4      | Reached skill level 1 in Unarmed Combat
  3989 | D:3      | Reached skill level 1 in Maces & Flails
  3990 | D:3      | Reached XP level 6. HP: 17/47 MP: 7/7
  3993 | D:3      | Reached skill level 2 in Maces & Flails
  4312 | D:4      | Reached skill level 3 in Maces & Flails
  4687 | D:4      | Reached XP level 7. HP: 52/52 MP: 8/8
  4795 | D:4      | Reached skill level 4 in Maces & Flails
  4800 | D:4      | Reached skill level 5 in Maces & Flails
  5086 | D:5      | Entered Level 5 of the Dungeon
  5087 | D:5      | Noticed Menkaure
  5236 | D:5      | Noticed Eustachio
  5520 | D:5      | Found a shimmering altar of Xom.
  5573 | D:5      | Killed Eustachio
  5574 | D:5      | Reached skill level 6 in Maces & Flails
  5574 | D:5      | Reached XP level 8. HP: 16/58 MP: 9/9
  5871 | D:5      | Killed Menkaure
  5872 | D:5      | Reached skill level 7 in Maces & Flails
  6316 | D:5      | Reached skill level 8 in Maces & Flails
  7058 | D:6      | Found a transporter.
  7125 | D:6      | Found a transporter.
  7132 | D:6      | Noticed a kobold demonologist
  7132 | D:6      | Noticed a kobold demonologist
  7162 | D:6      | Reached skill level 9 in Maces & Flails
  7162 | D:6      | Reached XP level 9. HP: 54/63 MP: 10/10
  7255 | D:6      | Noticed Duvessa
  7258 | D:6      | Noticed Dowan
  7260 | D:6      | Killed Duvessa
  7262 | D:6      | Killed Dowan
  7263 | D:6      | Reached skill level 10 in Maces & Flails
  7293 | D:6      | Reached skill level 1 in Armour
  7293 | D:6      | Reached skill level 1 in Dodging
  7594 | D:6      | Found a staircase to the Ecumenical Temple.
  7698 | D:6      | Found a snail-covered altar of Cheibriados.
  8520 | D:7      | Found a shadowy altar of Dithmenos.
  8520 | D:7      | Found a white marble altar of Elyvilon.
  8541 | D:7      | Reached XP level 10. HP: 30/72 MP: 11/11
  8760 | D:7      | Found an opulent altar of Gozag.
  8882 | D:7      | Found Ownoigur's Weapon Shoppe.
  9213 | D:8      | Noticed Prince Ribbit
  9230 | D:8      | Killed Prince Ribbit
  9503 | D:8      | Noticed Gastronok
  9506 | D:8      | HP: 1/73 [Gastronok (26)]
  9510 | D:8      | Killed Gastronok
  9510 | D:8      | Killed by an exploding Gastronok... ignited by their inner
                  | flame

Illustrated notes

Levels and vault maps discovered:
D:1:      mainiacjoe_arrival_reflecting_pool, layout_loops_corners
D:2:      layout_basic, serial_shops, shop
D:3:      layout_basic, mainiacjoe_overflow_alcove_2,
          mainiacjoe_overflow_six_doors_small, hex_intersection
D:4:      layout_cave_pools, hangedman_minor_gate_pass
D:5:      layout_rooms, xom_butterflies, serial_aquarium,
          aquarium_bridge_straight [aquarium_subvault_bridge,
          aquarium_subvault_wall, aquarium_subvault_bridge,
          aquarium_subvault_window], aquarium_bridge_island_small
          [aquarium_subvault_small_open, aquarium_subvault_bridge,
          aquarium_subvault_wall, aquarium_subvault_balcony,
          aquarium_subvault_bridge], aquarium_window_fake, aquarium_window_fake,
          aquarium_view_2a, aquarium_balcony_3b, aquarium_pool_1,
          uniq_eustachio, uniq_menkaure
D:6:      gammafunk_wand_slinger, layout_loops_ring, slow_altar_2,
          temple_fountains, chequers_serial_rivers_micro_e, uniq_duvessa
D:7:      black_bear_nest_1, layout_basic, mainiacjoe_overflow_24_doors,
          jmf_multi_god_temple, serial_shops, nicolae_take_the_stairs
D:8:      layout_loops_ring, mainiacjoe_overflow_chevrons,
          lemuel_coloured_pillars_altar, amcnicky_altar_gilded, uniq_joseph,
          uniq_gastronok, uniq_prince_ribbit1

Skill      XL: |  1  2  3  4  5  6  7  8  9 10 |
---------------+-------------------------------+-----
Long Blades    | 4 5 |  5.6
Unarmed Combat | 1 |  1.5
Maces & Flails | 1 3 6 9 10 | 10.7
Armour         | 2 3 |  3.6
Dodging        | 2 3 |  3.6
Fighting       | 4 |  4.9
Fire Magic     | 4 |  4.2
Spellcasting   | |  1.0

Action                   |  1- 3 |  4- 6 |  7- 9 | 10-12 || total
-------------------------+-------+-------+-------+-------++-------
Melee: Falchion          |   107 |   133 |       |       ||   240
       Punch             |     1 |     1 |       |       ||     2
       Great mace        |       |    42 |   134 |    46 ||   222
Throw: Stone             |       |     1 |       |       ||     1
Invok: Fiery Armour      |     2 |       |     2 |     1 ||     5
Armor: Robe              |    36 |    36 |       |       ||    72
       Ring mail         |       |    58 |    75 |    13 ||   146
Dodge: Dodged            |    82 |   117 |    79 |    21 ||   299

Table legend: (Time is in decaauts)
 A = Elapsed time spent in this place.
 B = Non-inter-level travel time spent in this place.
 C = Inter-level travel time spent in this place.
 D = Time resting spent in this place.
 E = Time spent auto-exploring this place.
 F = Levels seen in this place.
 G = Mean time per level.
                   A        B        C        D        E       F      G
               +--------+--------+--------+--------+--------+-----+--------+
         Total |   9606 |   9475 |    131 |   2018 |   5027 |   8 | 1200.8 |
       Dungeon |   9606 |   9475 |    131 |   2018 |   5027 |   8 | 1200.8 |
               +--------+--------+--------+--------+--------+-----+--------+

Top non-repeatable levels by time:
     D:1: 1638 daAuts
     D:2: 1544 daAuts
     D:6: 1329 daAuts
     D:3: 1268 daAuts
     D:7: 1258 daAuts
     D:5: 1189 daAuts
     D:4: 1070 daAuts
     D:8: 306 daAuts
